 Dungeon Crawl Stone Soup version 0.18-a0-1497-g788d838 (webtiles) character file.

97 Ijustatesigmund the Insei (level 4, -1/30 HPs)
             Began as an Octopode Transmuter on Mar 4, 2016.
             Slain by a scorpion (8 damage)
             ... on level 2 of the Dungeon.
             The game lasted 00:03:57 (2008 turns).

Ijustatesigmund the Insei (Octopode Transmuter)     Turns: 2008, Time: 00:03:57

Health: -1/30      AC:  1    Str:  9    XL:     4   Next: 68%
Magic:  7/7        EV: 12    Int: 16    God:
Gold:   80         SH:  0    Dex: 12    Spells: 3 memorised, 1 level left

rFire  . . .     SeeInvis .       - Unarmed
rCold  . . .     Gourm    .     (no shield)
rNeg   . . .     Faith    .     (helmet restricted)
rPois  .         Spirit   .     (no amulet)
rElec  .         Dismiss  .     (no ring)
rCorr  .         Reflect  .     (no ring)
SustAt .         Harm     .     (no ring)
MR     .....                    (no ring)
Stlth  ++........               (no ring)
                                (no ring)
                                (no ring)
                                (no ring)

@: not resistant to hostile enchantments, unstealthy
A: almost no armour, amphibious, 8 rings, constrict 8, camouflage 1, gelatinous
body 1
a: no special abilities


You were on level 2 of the Dungeon.
You were hungry.

You visited 1 branch of the dungeon, and saw 2 of its levels.

You collected 80 gold pieces.

Inventory:

Missiles
 a - 12 arrows
 g - 11 arrows of frost
Scrolls
 e - a scroll of enchant weapon
Potions
 f - a potion of lignification
 i - a potion of curing
 j - a potion of haste {unknown}
Books
 b - a book of Changes

   Spells                             Type                      Level
   a - Beastly Appendage              Transmutation                1
   b - Sticks to Snakes               Transmutation                2
   c - Spider Form                    Transmutation/Poison         3
   d - Ice Form                       Ice/Transmutation            4
   e - Blade Hands                    Transmutation                5
Comestibles
 c - a bread ration
 d - 2 meat rations
 h - a chunk of flesh


   Skills:
 + Level 2.9 Fighting
 - Level 2.0 Dodging
 + Level 4.2 Unarmed Combat
 - Level 2.0 Spellcasting
 - Level 2.0 Transmutations
 + Level 1.2 Poison Magic


You had one spell level left.
You knew the following spells:

 Your Spells              Type           Power        Failure   Level  Hunger
a - Beastly Appendage     Trmt           #.....       10%         1    #......
b - Sticks to Snakes      Trmt           #.......     14%         2    ###....
c - Spider Form           Trmt/Pois      #.........   34%         3    ###....


Dungeon Overview and Level Annotations

Branches:
Dungeon (2/15)

Altars:


Innate Abilities, Weirdness & Mutations

You cannot wear most types of armour.
You are amphibious.
You can wear up to eight rings at the same time.
You can use your tentacles to constrict eight enemies at once.
Your skin changes colour to match your surroundings (Stealth).
Your rubbery body absorbs attacks (AC +1).


Message History

You constrict the scorpion. The scorpion barely misses you.
You tentacle-slap the scorpion but do no damage.
The scorpion is heavily wounded.
You constrict the scorpion, but do no damage.
The scorpion misses you.
You tentacle-slap the scorpion but do no damage.
The scorpion is heavily wounded.
You constrict the scorpion. The scorpion closely misses you.
You tentacle-slap the scorpion but do no damage.
The scorpion is severely wounded.
You constrict the scorpion. The scorpion stings you.
* * * LOW HITPOINT WARNING * * *
You tentacle-slap the scorpion but do no damage.
The scorpion is severely wounded.
You constrict the scorpion.
You tentacle-slap the scorpion but do no damage.
Your squeeze misses the scorpion.
The scorpion is almost dead.
You constrict the scorpion. The scorpion stings you!
You die...

..........## ##.##.#
#.........####...#.#####
+.........'.............
#.........####...#.#####
#........## ##.##.#
.#.....## ####.#
...##...## #.#
....)....# #.#
.#####.#@# #.# #.#s# #.#
#.#.# ..# ..... ....#
....[# .....# #####


You could see a scorpion.

Vanquished Creatures
  3 adders (D:2)
  3 oozes
  A dart slug (D:1)
  6 worms (D:2)
  4 giant cockroaches
  6 goblins
  3 hobgoblins
  A quokka (D:2)
  7 bats
  2 giant newts
  2 kobolds
  7 rats
45 creatures vanquished.

Notes
Turn   | Place    | Note
--------------------------------------------------------------
     0 | D:1      | Ijustatesigmund the Octopode Transmuter began the quest for the Orb.
     0 | D:1      | Reached XP level 1. HP: 13/13 MP: 3/3
    94 | D:1      | Reached XP level 2. HP: 12/18 MP: 5/5
    98 | D:1      | Learned a level 2 spell: Sticks to Snakes
   436 | D:1      | Reached XP level 3. HP: 18/24 MP: 6/6
  1066 | D:2      | Learned a level 3 spell: Spider Form
  1248 | D:2      | Reached skill level 4 in Unarmed Combat
  1248 | D:2      | Reached XP level 4. HP: 9/30 MP: 7/7
  1797 | D:2      | Reached skill level 1 in Poison Magic
  2008 | D:2      | Slain by a scorpion

Vault maps used:
D:1:      erik_arrival_gehennom
D:2:      minmay_hedge_maze

Skill      XL: |  1  2  3  4 |
---------------+-------------+-----
Fighting       | 2 |  2.9
Unarmed Combat | 4 |  4.2
Poison Magic   | 1 |  1.2
Dodging        | |  2.0
Spellcasting   | |  2.0
Transmutations | |  2.0

Action                   |  1- 3 |  4- 6 || total
-------------------------+-------+-------++-------
Melee: Unarmed           |    97 |    39 ||   136
 Cast: Beastly Appendage |     3 |       ||     3
  Use: Scroll            |     5 |     2 ||     7
 Stab: Sleeping          |     7 |     1 ||     8
  Eat: Chunk             |       |     3 ||     3
